Map: Winter's Gate LE

Players

TurkeyDano

  • Race: Protoss Protoss
  • League: Master
  • Spawn Location: 11:00

GrimReaperEU - Winner!

  • Race: Protoss Protoss
  • Spawn Location: 5:00

VOD

Have the link to the VOD?

Description

Time

  • Played on: Oct. 20, 2019, 2:56 p.m.
  • Length: 7:05
Show
View Real Time Build Order
Export as new Build Order

TurkeyDano Protoss 

Build Orders:  

Get SALT Encoding   

  12  0:00  Probe  
  13  0:12  Probe  
  14  0:17  Pylon  
  14  0:24  Probe  
  15  0:36  Forge  
  15  0:37  Probe  
  16  0:51  Gateway  
  16  0:52  Probe  
  17  1:04  Assimilator, Probe  
  18  1:16  Probe  
  19  1:23  Photon Cannon  
  19  1:27  Assimilator  
  19  1:28  Probe  
  20  1:36  Pylon  
  20  1:42  Probe  
  21  1:53  Cybernetics Core  
  21  2:03  Pylon  
  21  2:04  Probe  
  21  2:16  Probe  
  22  2:28  Probe  
  22  2:29  Warp Gate (Chrono Boost)  
  23  2:31  Stalker (Chrono Boost)  
  25  2:40  Probe  
  26  2:49  Robotics Facility  
  26  2:54  Stalker  
  28  3:01  Shield Battery  
  28  3:12  Gateway  
  28  3:24  Stalker  
  30  3:29  Gateway  
  30  3:50  Shield Battery x2  
  30  3:54  Warp Prism (Chrono Boost)  
  32  4:19  Stalker x2  
  36  4:43  Stalker, Shield Battery  
  38  4:49  Shield Battery  
  38  4:59  Immortal (Chrono Boost)  
  38  5:08  Pylon  
  34  5:38  Zealot x2  
  37  5:43  Pylon  
  37  5:49  Zealot  
  36  6:05  Stalker  
  36  6:06  Stalker  
  38  6:13  Immortal (Chrono Boost)  
  40  6:22  Zealot  
  38  6:36  Stalker x2  
  39  6:41  Probe  
  31  6:55  Stalker  
Show
View Real Time Build Order
Export as new Build Order

GrimReaperEU Protoss - Winner!

Build Orders:  

Get SALT Encoding   

  12  0:00  Probe (Chrono Boost)  
  13  0:10  Probe (Chrono Boost)  
  14  0:20  Pylon  
  14  0:22  Probe  
  15  0:38  Probe  
  15  0:40  Forge  
  16  0:53  Gateway  
  16  0:58  Pylon  
  16  1:07  Probe  
  17  1:20  Photon Cannon  
  17  1:21  Pylon  
  17  1:29  Pylon  
  17  1:34  Probe  
  18  1:40  Zealot  
  18  1:46  Probe  
  21  1:50  Photon Cannon  
  21  1:59  Probe  
  21  2:01  Assimilator  
  22  2:05  Assimilator, Cybernetics Core  
  22  2:13  Photon Cannon  
  21  2:23  Probe  
  22  2:35  Probe  
  22  2:36  Photon Cannon  
  23  2:38  Photon Cannon  
  23  2:39  Pylon  
  23  2:48  Shield Battery  
  23  2:59  Robotics Facility  
  23  3:07  Shield Battery  
  23  3:19  Probe  
  24  3:25  Shield Battery  
  24  3:32  Probe  
  25  3:43  Immortal (Chrono Boost)  
  29  3:51  Stargate  
  29  4:06  Shield Battery  
  29  4:14  Immortal (Chrono Boost)  
  33  4:38  Shield Battery  
  33  4:45  Immortal (Chrono Boost)  
  37  5:00  Void Ray  
  37  5:02  Pylon  
  37  5:03  Shield Battery  
  35  5:30  Immortal  
  39  5:43  Void Ray  
  39  5:50  Probe  
  37  6:02  Probe  
  33  6:15  Probe  
  30  6:27  Probe  
  30  6:39  Probe  
Tags
 
League
Master
Matchup
PvP
Spawn Locations
Cross Positions
Add a new tag
Caveats
  • Supply blocks, unpowered buildings, or Contaminate may cause inaccurate times.
  • Supply counts are checked every 10 seconds.